Construct Infanterie Kompanie
Selects Italian Coastal Battlegroup
Construct Infanterie Kompanie
Construct Panzergrenadier Kompanie
Pak 40 Anti-tank Gun Team
Selects Designate Defensive Line
Construct Luftwaffe Kompanie
Nebelwerfer 42 Rocket Launcher Team
Selects Artillery Officer
Marder III M Tank Destroyer
Nebelwerfer 42 Rocket Launcher Team
Selects Designated Artillery Overwatch
Designated Artillery Overwatch
Marder III M Tank Destroyer
Marder III M Tank Destroyer
Luftwaffe Officer Quarters
Marder III M Tank Destroyer
Marder III M Tank Destroyer
Marder III M Tank Destroyer